BSA
JERSEY SHORE D-BAGS @ NEW YORK KNIGHTS
09/29/2024
 
TOP OF THE 1ST
Jersey Shore D-Bags batting - Pitching for New York Knights : RHP António Sánchez
Pitching: RHP António Sánchez
Batting: RHB Cy Keynes 0-0: Foul Ball, location: 2F
0-1: Foul Ball, location: 2F
0-2: Ball
1-2: Ball
2-2: DOUBLE (Groundball, 3D)
Batting: LHB Robert Phillips 0-0: Ball
1-0: Called Strike
1-1: Ball
2-1: Ball
3-1: Called Strike
3-2: Strikes out looking
Batting: SHB Tadahisa Kisuki 0-0: Ball
1-0: Called Strike
1-1: Ball
2-1: Foul Ball, location: 2F
2-2: Ball
3-2: Ground out U3 (Groundball, 3)
Cy Keynes to third
Batting: LHB Dave Dodd 0-0: DOUBLE (Groundball, 3L)
Cy Keynes scores
Batting: RHB Owen Carter 0-0: Ball
1-0: Foul Ball, location: 2F
1-1: Ball
2-1: Foul Ball, location: 2F
2-2: SINGLE (Groundball, 4MD)
Dave Dodd to third
Runner from 3rd tries for Home, SAFE, no throw or cutoff
Batting: LHB Mike Bryant 0-0: Ball
1-0: Foul Ball, location: 2F
1-1: Ball
2-1: SINGLE (Line Drive, 9LS)
Owen Carter to second
Runner from 2nd tries for 3rd, SAFE, throw made to third
Batting: RHB Millard Boyd 0-0: Called Strike
0-1: TRIPLE (Line Drive, 8LXD)
Owen Carter scores
Mike Bryant scores
Batting: RHB Gerardo Escobedo 0-0: Ball
1-0: Called Strike
1-1: Foul Ball, location: 2F
1-2: Foul Ball, location: 2F
1-2: SINGLE (Line Drive, 6MD)
Millard Boyd scores
Batting: RHB John Moore 0-0: Ball
1-0: Ball
2-0: Called Strike
2-1: SINGLE (Groundball, 56)
Gerardo Escobedo to second
Batting: RHB Cy Keynes 0-0: Swinging Strike
0-1: Ball
1-1: Called Strike
1-2: Strikes out looking
Top of the 1st over - 5 run(s), 7 hit(s), 0 error(s), 2 left on base; Jersey Shore 5 - New York 0
BOTTOM OF THE 1ST
New York Knights batting - Pitching for Jersey Shore D-Bags : LHP Ramón Ruíz
Pitching: LHP Ramón Ruíz
Batting: RHB Daryl Floyd 0-0: Foul Ball, location: 2F
0-1: Called Strike
0-2: Fly out, F7 (Flyball, 7D)
Batting: RHB Sixto Vélez 0-0: Ball
1-0: Swinging Strike
1-1: Foul Ball, location: 2F
1-2: Foul Ball, location: 2F
1-2: Ball
2-2: Ball
3-2: Ground out 4-3 (Groundball, 4M)
Batting: LHB Troy Donaldson 0-0: Ball
1-0: Ball
2-0: Foul Ball, location: 2F
2-1: Swinging Strike
2-2: SINGLE (Groundball, 4MD)
Batting: SHB Marvin Harris 0-0: Ball
1-0: Ground out 5-3 (Groundball, 5L)
Bottom of the 1st over - 0 run(s), 1 hit(s), 0 error(s), 1 left on base; Jersey Shore 5 - New York 0
TOP OF THE 2ND
Jersey Shore D-Bags batting - Pitching for New York Knights : RHP António Sánchez
Batting: LHB Robert Phillips 0-0: Called Strike
0-1: Ball
1-1: Ground out 3-1 (Groundball, 34)
Batting: SHB Tadahisa Kisuki 0-0: Ball
1-0: Ball
2-0: Foul Ball, location: 2F
2-1: Fly out, F8 (Line Drive, 8LM)
Batting: LHB Dave Dodd 0-0: Ball
1-0: Swinging Strike
1-1: Foul Ball, location: 2F
1-2: Ground out 4-3 (Groundball, 4)
Top of the 2nd over - 0 run(s), 0 hit(s), 0 error(s), 0 left on base; Jersey Shore 5 - New York 0
BOTTOM OF THE 2ND
New York Knights batting - Pitching for Jersey Shore D-Bags : LHP Ramón Ruíz
Batting: LHB Tom Waller 0-0: Ball
1-0: Ball
2-0: Swinging Strike
2-1: Foul Ball, location: 2F
2-2: Foul Ball, location: 2F
2-2: Strikes out swinging
Batting: RHB Lonnie Anderson 0-0: Swinging Strike
0-1: Ground out 4-3 (Groundball, 4M)
Batting: RHB Yasuhiko Sumita 0-0: Called Strike
0-1: SINGLE (Groundball, 3D)
Batting: RHB Cheng-ho Qiao 0-0: Called Strike
0-1: SINGLE (Line Drive, 4D)
Yasuhiko Sumita to second
Batting: RHB Tom Meyer 0-0: Ball
1-0: Swinging Strike
1-1: Ball
2-1: Ball
3-1: Base on Balls
Yasuhiko Sumita to third
Cheng-ho Qiao to second
Batting: RHB Daryl Floyd 0-0: Called Strike
0-1: Ball
1-1: Ball
2-1: Foul Ball, location: 2F
2-2: Fly out, F3 (Popup, 3F)
Bottom of the 2nd over - 0 run(s), 2 hit(s), 0 error(s), 3 left on base; Jersey Shore 5 - New York 0
TOP OF THE 3RD
Jersey Shore D-Bags batting - Pitching for New York Knights : RHP António Sánchez
Batting: RHB Owen Carter 0-0: Foul Ball, location: 2F
0-1: Ground out 6-3 (Groundball, 6)
Batting: LHB Mike Bryant 0-0: Foul Ball, location: 2F
0-1: Ball
1-1: Ball
2-1: Swinging Strike
2-2: Foul Ball, location: 2F
2-2: Fly out, F7 (Flyball, 7M)
Batting: RHB Millard Boyd 0-0: SINGLE (Line Drive, 7LS)
Batting: RHB Gerardo Escobedo 0-0: Ground out 4-3 (Groundball, 4)
Top of the 3rd over - 0 run(s), 1 hit(s), 0 error(s), 1 left on base; Jersey Shore 5 - New York 0
BOTTOM OF THE 3RD
New York Knights batting - Pitching for Jersey Shore D-Bags : LHP Ramón Ruíz
Batting: RHB Sixto Vélez 0-0: Foul Ball, location: 2F
0-1: Foul Ball, location: 2F
0-2: Foul Ball, location: 2F
0-2: Hit by Pitch
Batting: LHB Troy Donaldson 0-0: SINGLE (Line Drive, 34)
Sixto Vélez to second
Batting: SHB Marvin Harris 0-0: Ball
1-0: Ground out 4-3 (Groundball, 4M)
Sixto Vélez to third
Troy Donaldson to second
Batting: LHB Tom Waller 0-0: Called Strike
0-1: Foul Ball, location: 2F
0-2: SINGLE (Line Drive, 4MD)
Sixto Vélez scores
Troy Donaldson to third
Runner from 3rd tries for Home, SAFE, no throw or cutoff
Batting: RHB Lonnie Anderson 0-0: Swinging Strike
0-1: Ball
1-1: Ball
2-1: Foul Ball, location: 2F
2-2: Strikes out swinging
Batting: RHB Yasuhiko Sumita 0-0: Called Strike
0-1: Fly out, F3 (Popup, 3)
Bottom of the 3rd over - 2 run(s), 2 hit(s), 0 error(s), 1 left on base; Jersey Shore 5 - New York 2
TOP OF THE 4TH
Jersey Shore D-Bags batting - Pitching for New York Knights : RHP António Sánchez
Batting: RHB John Moore 0-0: Ball
1-0: Ground out 6-3 (Groundball, 6M)
Batting: RHB Cy Keynes 0-0: Called Strike
0-1: Ball
1-1: Foul Ball, location: 2F
1-2: Foul Ball, location: 2F
1-2: Foul Ball, location: 2F
1-2: Foul Ball, location: 2F
1-2: SINGLE (Flyball, 6MD)
Batting: LHB Robert Phillips 0-0: SINGLE (Groundball, 6MD)
Cy Keynes to second
Batting: SHB Tadahisa Kisuki 0-0: Ball
1-0: Foul Ball, location: 2F
1-1: Fly out, F9 (Flyball, 89D)
Runner from 2nd tags up, SAFE at 3rd, no throw
Batting: LHB Dave Dodd 0-0: Called Strike
0-1: Called Strike
0-2: Ball
1-2: Foul Ball, location: 2F
1-2: Ball
2-2: Foul Ball, location: 2F
2-2: Strikes out swinging
Top of the 4th over - 0 run(s), 2 hit(s), 0 error(s), 2 left on base; Jersey Shore 5 - New York 2
BOTTOM OF THE 4TH
New York Knights batting - Pitching for Jersey Shore D-Bags : LHP Ramón Ruíz
Batting: RHB Cheng-ho Qiao 0-0: SOLO HOME RUN (Flyball, 7LD), Distance : 328 ft
Batting: RHB Tom Meyer 0-0: SINGLE (Flyball, 8LS)
Batting: RHB Daryl Floyd 0-0: Grounds into double play, 5-4-3 (Groundball, 5)
Batting: RHB Sixto Vélez 0-0: Called Strike
0-1: Ball
1-1: Swinging Strike
1-2: Ball
2-2: SINGLE (Groundball, 5D)
Batting: LHB Troy Donaldson 0-0: Called Strike
0-1: Called Strike
0-2: Ball
1-2: Ball
2-2: Ball
3-2: Base on Balls
Sixto Vélez to second
Batting: SHB Marvin Harris 0-0: Ball
1-0: Called Strike
1-1: Called Strike
1-2: Strikes out swinging
Bottom of the 4th over - 1 run(s), 3 hit(s), 0 error(s), 2 left on base; Jersey Shore 5 - New York 3
TOP OF THE 5TH
Jersey Shore D-Bags batting - Pitching for New York Knights : RHP António Sánchez
Batting: RHB Owen Carter 0-0: Swinging Strike
0-1: Foul Ball, location: 2F
0-2: Ball
1-2: Strikes out swinging
Batting: LHB Mike Bryant 0-0: Fly out, F8 (Flyball, 8RXD)
Batting: RHB Millard Boyd 0-0: Called Strike
0-1: Fly out, F8 (Flyball, 8LM)
Top of the 5th over - 0 run(s), 0 hit(s), 0 error(s), 0 left on base; Jersey Shore 5 - New York 3
BOTTOM OF THE 5TH
New York Knights batting - Pitching for Jersey Shore D-Bags : LHP Ramón Ruíz
Batting: LHB Tom Waller 0-0: Ball
1-0: Called Strike
1-1: DOUBLE (Line Drive, 78S)
Batting: RHB Lonnie Anderson 0-0: Ground out 5-3 (Groundball, 5L)
Batting: RHB Yasuhiko Sumita 0-0: Fly out, F4 (Popup, 4MD)
Batting: RHB Cheng-ho Qiao 0-0: Called Strike
0-1: Swinging Strike
0-2: 2-RUN HOME RUN (Line Drive, 78XD), Distance : 404 ft
Batting: RHB Tom Meyer 0-0: Called Strike
0-1: Foul Ball, location: 2F
0-2: Ground out 6-3 (Groundball, 6)
Bottom of the 5th over - 2 run(s), 2 hit(s), 0 error(s), 0 left on base; Jersey Shore 5 - New York 5
TOP OF THE 6TH
Jersey Shore D-Bags batting - Pitching for New York Knights : RHP António Sánchez
Batting: RHB Gerardo Escobedo 0-0: Ball
1-0: Ball
2-0: Ball
3-0: Called Strike
3-1: Ground out 6-3 (Groundball, 6)
Batting: RHB John Moore 0-0: Called Strike
0-1: Called Strike
0-2: Strikes out looking
Batting: RHB Cy Keynes 0-0: Ball
1-0: Ball
2-0: Foul Ball, location: 2F
2-1: Ball
3-1: Base on Balls
Batting: LHB Robert Phillips 0-0: Foul Ball, location: 2F
0-1: Ball
1-1: Foul Ball, location: 2F
1-2: Ball
2-2: Foul Ball, location: 2F
2-2: Foul Ball, location: 2F
2-2: Foul Ball, location: 2F
2-2: SINGLE (Groundball, 6MD)
Cy Keynes to second
Batting: SHB Tadahisa Kisuki 0-0: Called Strike
0-1: Ball
1-1: Ball
2-1: Foul Ball, location: 2F
2-2: Ball
3-2: Base on Balls
Cy Keynes to third
Robert Phillips to second
Pitching: RHP Randy Mailman
Batting: LHB Dave Dodd 0-0: Called Strike
0-1: Fielders Choice at 2nd, U6 (Groundball, 6M)
Top of the 6th over - 0 run(s), 1 hit(s), 0 error(s), 3 left on base; Jersey Shore 5 - New York 5
BOTTOM OF THE 6TH
New York Knights batting - Pitching for Jersey Shore D-Bags : LHP Ramón Ruíz
Pitching: RHP Ángel Lara
Batting: RHB Daryl Floyd 0-0: SINGLE (Groundball, 4MD)
Batting: RHB Sixto Vélez 0-0: Ball
1-0: Ball
2-0: Called Strike
2-1: Foul Ball, location: 2F
2-2: Foul Ball, location: 2F
2-2: Ball
3-2: Foul Ball, location: 2F
3-2: Fly out, F8 (Flyball, 8RS)
Batting: LHB Troy Donaldson 0-0: Ball
Daryl Floyd steals 2nd base
1-0: Intentional Walk
Batting: SHB Marvin Harris 0-0: Ball
1-0: Fly out, F3 (Popup, 3S)
Batting: LHB Tom Waller 0-0: Ball
1-0: SINGLE (Groundball, 56)
Daryl Floyd to third
Troy Donaldson to second
Runner from 3rd tries for Home, SAFE, no throw or cutoff
Batting: RHB Lonnie Anderson 0-0: Ball
Troy Donaldson steals 3rd base
Tom Waller to second
1-0: Called Strike
1-1: Swinging Strike
1-2: Foul Ball, location: 2F
1-2: Foul Ball, location: 2F
1-2: Strikes out swinging
Bottom of the 6th over - 1 run(s), 2 hit(s), 0 error(s), 2 left on base; Jersey Shore 5 - New York 6
TOP OF THE 7TH
Jersey Shore D-Bags batting - Pitching for New York Knights : RHP Randy Mailman
Batting: RHB Owen Carter 0-0: Foul Ball, location: 2F
0-1: Ball
1-1: DOUBLE (Line Drive, 56D)
Batting: LHB Mike Bryant 0-0: Ball
1-0: Foul Ball, location: 2F
1-1: SINGLE (Groundball, 34)
Owen Carter to third
Pinch Hitting: LHB Ricardo Berroa 0-0: Swinging Strike
0-1: Called Strike
0-2: Ball
1-2: Fly out, F8 (Flyball, 8LM)
Pinch Hitting: LHB Pat Zimmerman 0-0: Called Strike
0-1: Swinging Strike
0-2: Ball
1-2: Ball
2-2: Fly out, F8 (Flyball, 8LM)
Runner from 3rd tags up, SCORES, throw made
Pinch Hitting: RHB Pedro Rodríguez 0-0: Foul Ball, location: 2F
0-1: Fielders Choice at 2nd, 6-4 (Groundball, 6)
Top of the 7th over - 1 run(s), 2 hit(s), 0 error(s), 0 left on base; Jersey Shore 6 - New York 6
BOTTOM OF THE 7TH
New York Knights batting - Pitching for Jersey Shore D-Bags : RHP Ángel Lara
Now at 2B: William Martel
Now at 3B: Pedro Rodríguez
Batting: RHB Yasuhiko Sumita 0-0: Ball
1-0: Ball
2-0: Called Strike
2-1: Ball
3-1: Base on Balls
Batting: RHB Cheng-ho Qiao 0-0: Ball
1-0: Ball
2-0: Sac Bunt - play at second, runner safe!
Pitching: LHP Claude Pinard
Pinch Hitting: RHB Jesús Maestas 0-0: Called Strike
0-1: Ball
1-1: Ball
2-1: Bunted foul
2-2: SINGLE (Groundball, 6M)
Yasuhiko Sumita to third
Cheng-ho Qiao to second
Batting: RHB Daryl Floyd 0-0: Called Strike
0-1: Swinging Strike
0-2: SINGLE (Line Drive, 3D)
Yasuhiko Sumita scores
Cheng-ho Qiao to third
Jesús Maestas to second
Runner from 3rd tries for Home, SAFE, throw made home
Jesús Maestas to third
Daryl Floyd to second
Batting: RHB Sixto Vélez 0-0: Called Strike
0-1: 3-RUN HOME RUN (Flyball, 7D), Distance : 372 ft
Pitching: RHP John Hall
Batting: LHB Troy Donaldson 0-0: Ball
1-0: Swinging Strike
1-1: DOUBLE (Line Drive, 89XD)
Batting: SHB Marvin Harris 0-0: Ball
1-0: Ball
2-0: Called Strike
Throwing error on steal attempt, E2
Troy Donaldson scores
2-1: Foul Ball, location: 2F
2-2: Foul Ball, location: 2F
2-2: Ball
3-2: Strikes out looking
Batting: LHB Tom Waller 0-0: Ball
1-0: Fly out, F9 (Line Drive, 89S)
Batting: RHB Lonnie Anderson 0-0: Called Strike
0-1: SINGLE (Line Drive, 78S)
Batting: RHB Yasuhiko Sumita 0-0: Ball
1-0: Swinging Strike
1-1: Ball
2-1: Swinging Strike
2-2: SINGLE (Line Drive, 4D)
Lonnie Anderson to second
Runner from 2nd tries for 3rd, SAFE, no throw or cutoff
Batting: RHB Cheng-ho Qiao 0-0: 3-RUN HOME RUN (Line Drive, 9LD), Distance : 331 ft
Pitching: RHP Johnathan Phillips
Batting: RHB Jesús Maestas 0-0: Called Strike
0-1: Ground out 5-3 (Groundball, 56)
Bottom of the 7th over - 9 run(s), 7 hit(s), 1 error(s), 0 left on base; Jersey Shore 6 - New York 15
TOP OF THE 8TH
Jersey Shore D-Bags batting - Pitching for New York Knights : RHP Randy Mailman
Now at 2B: Pedro Fernández
Now at 3B: Keitaro Suzuki
Batting: RHB Cy Keynes 0-0: Ball
1-0: Fly out, F8 (Flyball, 78XD)
Batting: LHB Robert Phillips 0-0: Called Strike
0-1: Fly out, F7 (Popup, 7S)
Batting: SHB Tadahisa Kisuki 0-0: Called Strike
0-1: Ball
1-1: Ball
2-1: Ground out 6-3 (Groundball, 6)
Top of the 8th over - 0 run(s), 0 hit(s), 0 error(s), 0 left on base; Jersey Shore 6 - New York 15
BOTTOM OF THE 8TH
New York Knights batting - Pitching for Jersey Shore D-Bags : RHP Johnathan Phillips
Batting: RHB Daryl Floyd 0-0: Swinging Strike
0-1: Ball
1-1: Called Strike
1-2: Foul Ball, location: 2F
1-2: Ball
2-2: Strikes out looking
Batting: RHB Sixto Vélez 0-0: Ball
1-0: Called Strike
1-1: Ball
2-1: Foul Ball, location: 2F
2-2: Strikes out swinging
Batting: LHB Troy Donaldson 0-0: Ball
1-0: Ball
2-0: SINGLE (Line Drive, 4)
Pinch Hitting: LHB Vincente Sáenz 0-0: Called Strike
0-1: Called Strike
0-2: DOUBLE (Line Drive, 9LS)
Troy Donaldson to third
Runner from 3rd tries for Home, SAFE, no throw or cutoff
Batting: LHB Tom Waller 0-0: Swinging Strike
0-1: Ball
1-1: Swinging Strike
1-2: Foul Ball, location: 2F
1-2: Foul Ball, location: 2F
1-2: Strikes out swinging
Bottom of the 8th over - 1 run(s), 2 hit(s), 0 error(s), 1 left on base; Jersey Shore 6 - New York 16
TOP OF THE 9TH
Jersey Shore D-Bags batting - Pitching for New York Knights : RHP Randy Mailman
Now at 1B: Vincente Sáenz
Batting: LHB Dave Dodd 0-0: Called Strike
0-1: Foul Ball, location: 2F
0-2: Ball
1-2: Foul Ball, location: 2F
1-2: Ground out 5-3 (Groundball, 5)
Batting: RHB Owen Carter 0-0: Foul Ball, location: 2F
0-1: Ball
1-1: Foul Ball, location: 2F
1-2: Foul Ball, location: 2F
1-2: Foul Ball, location: 2F
1-2: Strikes out swinging
Batting: LHB Mike Bryant 0-0: Called Strike
0-1: SINGLE (Groundball, 3D)
Batting: SHB William Martel 0-0: Ball
1-0: Ball
2-0: Called Strike
2-1: SINGLE (Line Drive, 89S)
Mike Bryant to second
Runner from 2nd tries for 3rd, SAFE, throw made to third
William Martel to second
Batting: LHB Pat Zimmerman 0-0: Called Strike
0-1: Fly out, F8 (Popup, 8LS)
Top of the 9th over - 0 run(s), 2 hit(s), 0 error(s), 2 left on base; Jersey Shore 6 - New York 16
This league is powered by Out of the Park Baseball, the baseball management simulation game for PC, Mac and Linux
Saturday, April 9th, 2016 - OOTP Baseball 16.8 Build 38